 Dungeon Crawl Stone Soup version 0.26-a0-631-ged93497179 (webtiles) character file.

Game seed: 7751951089017890958

104941 ANON1729 the Unseen (level 16, -2/106 HPs)
             Began as a Kobold Brigand on Sept 13, 2020.
             Was the Champion of Wu Jian.
             Slain by an orc warlord
             ... wielding a +6 bardiche of venom
              (41 damage)
             ... while paralysed by an orc sorcerer
             ... on level 2 of the Orcish Mines.
             The game lasted 01:33:41 (40389 turns).

ANON1729 the Unseen (Kobold Brigand)               Turns: 40389, Time: 01:33:42

Health: -2/106     AC:  9    Str:  9    XL:     16   Next: 94%
Magic:  0/16       EV:  3    Int: 14    God:    Wu Jian [******]
Gold:   1446       SH:  0    Dex: 27    Spells: 15/15 levels left

rFire    + . .     SeeInvis +   Y - +3 dagger (venom)
rCold    + . .     Faith    .   (shield restricted)
rNeg     . . .     Spirit   +   x - +3 leather armour
rPois    +         Reflect  .   (no helmet)
rElec    +         Harm     .   p - +0 cloak
rCorr    .         Rampage  .   Z - +1 pair of gloves
MR       +....                  (no boots)
Stlth    ++++++++..             k - amulet "Kucuchal" {Spirit rC+ Dex+6}
HPRegen  0.27/turn              F - ring "Qipaus" {rElec rPois rF+ Slay+3}
MPRegen  0.15/turn              r - ring of see invisible

@: paralysed, studying 2 skills, lightly drained
A: small, nightstalker 3
a: Wall Jump, Serpent's Lash, Heavenly Storm, Renounce Religion


You were on level 2 of the Orcish Mines.
You worshipped Wu Jian.
Wu Jian was exalted by your worship.
You visited 4 branches of the dungeon, and saw 24 of its levels.
You also visited: Sewer, Gauntlet and Ice Cave.

You collected 3787 gold pieces.
You spent 2341 gold pieces at shops.

Inventory:

Hand Weapons
 w - the +9 trident "Hujyalagg" {vorpal, +Blink rC- Dex+4 Stlth+}
   (You found it on level 5 of the Dungeon)

   It inflicts extra damage upon your enemies.
   It affects your dexterity (+4).
   It makes you vulnerable to cold.
   It lets you blink.
   It makes you more stealthy.
 Y - a +3 dagger of venom (weapon)
Missiles
 d - 96 poisoned darts
 e - a curare-tipped dart
 t - 5 atropa-tipped darts (quivered)
 O - 6 datura-tipped darts
Armour
 p - a +0 cloak (worn)
 x - a +3 leather armour (worn)
 Z - a +1 pair of gloves (worn)
Jewellery
 k - the amulet "Kucuchal" (around neck) {Spirit rC+ Dex+6}
   (You found it in a Gauntlet)

   [amulet of guardian spirit]

   It causes incoming damage to be split between your health and magic.
   It affects your dexterity (+6).
   It protects you from cold.
 r - a ring of see invisible (right hand)
 C - an uncursed ring of protection from magic
 F - the ring "Qipaus" (left hand) {rElec rPois rF+ Slay+3}
   (You found it in a Gauntlet)

   [ring of protection from fire]

   It affects your accuracy and damage with ranged weapons and melee attacks
   (+3).
   It protects you from fire.
   It insulates you from electricity.
   It protects you from poison.
 K - an uncursed ring of protection from fire
 S - an uncursed ring of stealth
 V - an uncursed ring of ice
Wands
 R - a wand of disintegration (14)
 W - a wand of digging (13)
Scrolls
 b - 2 scrolls of silence
 c - 11 scrolls of teleportation
 f - 9 scrolls of remove curse
 g - 2 scrolls of enchant weapon
 j - 6 scrolls of fear
 n - 8 scrolls of enchant armour
 o - 4 scrolls of blinking
 q - 7 scrolls of amnesia
 s - 2 scrolls of fog
 v - 3 scrolls of immolation
 D - 4 scrolls of magic mapping
 H - 2 scrolls of holy word {unknown}
 N - a scroll of torment {unknown}
 P - 2 scrolls of summoning {unknown}
Potions
 a - a potion of degeneration {unknown}
 i - 5 potions of curing
 l - 3 potions of lignification
 m - 5 potions of haste
 u - 6 potions of heal wounds
 z - a potion of flight
 A - 5 potions of cancellation
 I - 5 potions of invisibility
 J - 2 potions of ambrosia
 L - 6 potions of magic
 M - 2 potions of might
 Q - 4 potions of stabbing
 X - 2 potions of brilliance
Books
 y - a manual of Dodging
 G - a manual of Fighting
Miscellaneous
 h - a phantom mirror
 B - a box of beasts (2/3)
 E - a tin of tremorstones (3/3)
 T - a tin of tremorstones (3/3)
 U - a condenser vane (2/2)


   Skills:
 * Level 14.1(13.4) Fighting
 * Level 17.0(16.3) Short Blades
 + Level 10.9(10.3) Throwing
 * Level 13.0(12.4) Dodging
 * Level 18.7(18.0) Stealth
 * Level 14.6(13.9) Evocations


You had 15 spell levels left.
You didn't know any spells.
Your spell library contained the following spells:

 Spells                   Type           Power        Failure   Level
 Foxfire                  Conj/Fire      #...         38%         1
 Freeze                   Ice            #...         38%         1
 Magic Dart               Conj           #...         38%         1
 Blink                    Tloc           N/A          52%         2
 Call Imp                 Summ           #.......     52%         2
 Slow                     Hex            #.......     52%         2
 Confusing Touch          Hex            #.......     77%         3
 Conjure Flame            Conj/Fire      #.......     77%         3
 Frozen Ramparts          Ice            #.....       77%         3
 Gell's Gravitas          Tloc           #.........   77%         3
 Inner Flame              Hex/Fire       #.......     77%         3
 Lesser Beckoning         Tloc           #.........   77%         3
 Mephitic Cloud           Conj/Pois/Air  #.......     77%         3
 Ozocubu's Armour         Ice            #.......     77%         3
 Teleport Other           Tloc           #.......     77%         3
 Hailstorm                Conj/Ice       #.......     99%         4
 Ice Form                 Ice/Tmut       #.......     99%         4
 Passage of Golubria      Tloc           N/A          99%         4
 Petrify                  Tmut/Erth      #.......     99%         4
 Sticky Flame             Conj/Fire      #.......     99%         4
 Summon Ice Beast         Ice/Summ       #.......     99%         4
 Fireball                 Conj/Fire      #.........   100%        5
 Metabolic Englaciation   Hex/Ice        #.........   100%        5
 Yara's Violent Unravell  Hex/Tmut       #.........   100%        5
 Freezing Cloud           Conj/Ice/Air   #.........   100%        6
 Ozocubu's Refrigeration  Ice            #.........   100%        6
 Simulacrum               Ice/Necr       #.........   100%        6


Dungeon Overview and Level Annotations

Branches:
Dungeon (15/15)            Temple (1/1) D:4            Lair (6/6) D:9
 Shoals (0/4) Lair:2        Snake (0/4) Lair:4        Slime (0/5) Lair:6
    Orc (2/2) D:10            Elf (0/3) Orc:2        Vaults (0/5) D:14
 Depths (0/5) D:15          Sewer (visited)           IceCv (visited)
Gauntlet (visited)

Altars:
Ashenzari
Dithmenos
Fedhas
Gozag
Kikubaaqudgha
Makhleb
Nemelex Xobeh
Okawaru
Qazlal
Trog
Uskayaw
Vehumet
Wu Jian
Yredelemnul
Zin
The Shining One
Jiyva

Shops:
D:7 [   D:9 (   D:10 !   D:14 :*[*:

Annotations:
D:6 exclusion: door


Innate Abilities, Weirdness & Mutations

You are small and have problems with some larger weapons.
You are completely attuned to the shadows.


Message History

You hit the orc sorcerer.
The orc sorcerer looks as sick as possible!
The orc sorcerer is heavily wounded.
The orc warlord misses you. The orc sorcerer casts a spell at you.
You suddenly lose the ability to move!
The ice devil hits you but does no damage.
An orc knight comes into view. It is wielding a +1 war axe.
The ice devil hits you. The ice devil freezes you. You resist.
The orc sorcerer gestures at you while chanting.
The bolt of negative energy hits you!
You feel drained.
The orc warlord hits you from afar with a +6 bardiche of venom!!
The ice devil hits you. The ice devil freezes you! You resist.
The orc sorcerer sings a few bars from the Orcish anthem.
The orc sorcerer gestures at you while chanting.
You resist with some effort.
The orc knight roars a battlecry!
The orc warlord goes into a battle-frenzy!
The orc warlord hits you from afar with a +6 bardiche of venom!!!
You die...

##...........## ##..##
##........######....# #
##...o..###.##....##.#
####.#.o...##...#.....#.##
##.#........................
#....................#......
##.#....##..........##...... #
#.....###.#...[.....#...... #
##).....#..4@.......#.#.....
#####.....)###.#o...............
...#......)[.#.o<.......#.......
....[))......#o)...#............
.....)##[....)[...##........##.#
......###.#.[....####.......#
...o...######...## ##.......#
.o#...######.....## #.........
.#....###.#.......###........


You could see an orc warlord (strong), an orc knight (strong), an ice devil
(summoned) and an orc sorcerer (strong, extremely poisoned).

Vanquished Creatures
  The ghost of Xonnam the Unseen, an adept KoGl of Dithmenos (D:14)
  Nessos (D:14)
  The ghost of Utritri the Cleaver, a journeyman HOMo of Beogh (Lair:3)
  A minotaur (Gauntlet)
  A fire dragon (D:15)
  Fannar (Lair:1)
  A catoblepas (Lair:6)
  8 hydras
  2 ice dragons
  A rakshasa (D:14)
  A centaur warrior (D:15)
  2 death knights
  2 tengu warriors
  9 two-headed ogres
  3 orc high priests
  A fire crab (Gauntlet)
  3 unseen horrors
  A necromancer (Lair:2)
  2 wolf spider zombies
  A lindwurm (Lair:6)
  3 orc knights
  An oklob plant (Lair:4)
  2 deep elf magi
  2 orc sorcerers
  17 ugly things
  3 cyclopes
  A centaur zombie (D:15)
  A manticore (D:13)
  5 black mambas
  A merfolk siren (Lair:2)
  9 elephants
  3 ice statues (IceCv)
  5 cane toads
  A centaur skeleton (D:15)
  Maggie (D:7)
  An efreet (D:14)
  7 torpor snails
  3 gargoyles
  6 komodo dragons
  10 rime drakes
  A freezing wraith (D:13)
  2 ice devils (D:14)
  A tengu conjurer (D:13)
  5 trolls
  12 polar bears
  Grinder (D:5)
  4 tyrant leeches (Lair:6)
  5 blink frogs (Lair:2)
  4 raiju (Lair:6)
  Prince Ribbit (D:6)
  7 hornets
  13 dream sheep
  A spectral dream sheep (Lair:3)
  5 slime creatures
  2 meliai zombies (D:14)
  10 hippogriffs
  A shadow (D:15)
  Eustachio (D:4)
  6 fire bats (Gauntlet)
  A vampire (D:15)
  4 wraiths
  A water elemental (D:11)
  32 yaks
  9 steam dragons (Lair:3)
  10 basilisks
  7 wyverns
  A death yak simulacrum (Lair:3)
  2 vampire mosquitoes (D:14)
  6 humans (D:14)
  A spectral komodo dragon (Lair:2)
  8 wargs
  2 acid dragons
  15 hell hounds
  8 water moccasins
  A hydra simulacrum (Lair:3)
  15 black bears
  8 porcupines
  15 ice beasts
  25 orc warriors
  6 phantoms
  6 sky beasts
  A black mamba simulacrum (Lair:3)
  A swamp drake (D:9)
  3 eyes of draining
  4 necrophages
  4 boggarts (D:15)
  14 ogres
  14 wolves
  8 centaurs
  16 crocodiles
  6 big kobolds
  11 bullfrogs
  2 gnoll sergeants
  2 wyvern skeletons
  A scorpion (D:12)
  A water moccasin skeleton (D:11)
  A dream sheep simulacrum (Lair:3)
  19 killer bees
  11 wights
  6 electric eels
  6 howler monkeys
  6 hounds
  2 quasits
  23 orc priests
  Crazy Yiuf (D:2)
  8 jellies
  23 orc wizards
  2 bullfrog skeletons
  3 yak simulacra (Lair:2)
  4 iguanas
  6 polar bear simulacra (Lair:2)
  5 worker ants
  A wolf simulacrum (Lair:2)
  2 bullfrog simulacra (D:11)
  A hound skeleton (D:5)
  A worker ant zombie (D:11)
  11 gnolls
  3 river rats (Sewer)
  19 adders
  3 howler monkey skeletons
  2 shadow imps (D:7)
  4 white imps
  A worker ant simulacrum (D:11)
  3 ufetubi
  3 oozes
  An adder zombie (D:8)
  An adder skeleton (D:7)
  4 worms
  3 dart slugs
  6 leopard geckos
  77 orcs
  A ball python (D:4)
  16 bats
  4 giant cockroaches
  2 goblins
  5 hobgoblins
  8 jackals
  6 quokkas
  6 frilled lizards
  A jackal skeleton (D:5)
  A jackal zombie (D:5)
  15 kobolds
  2 leopard gecko skeletons
  A quokka skeleton (D:4)
  A quokka zombie (D:9)
  3 rats
  A river rat simulacrum (Lair:2)
  A butterfly (Lair:2)
824 creatures vanquished.

Vanquished Creatures (collateral kills)
  A stone giant (Orc:1)
  Erolcha (Orc:1)
  An orc knight (D:14)
  A phantasmal warrior (D:14)
  A wolf spider zombie (D:14)
  A centaur zombie (D:14)
  A gargoyle (D:14)
  A freezing wraith (D:14)
  10 humans (D:14)
  A spectral fire crab (Lair:3)
  A sky beast (D:9)
  A worker ant (D:9)
  An orc (Orc:1)
22 creatures vanquished.

Vanquished Creatures (others)
  An acid dragon (Lair:3)
  An orc wizard (Orc:1)
  A leopard gecko (D:2)
  A rat (D:2)
  24 fungi
  46 plants
  6 toadstools (D:6)
  4 withered plants (Gauntlet)
84 creatures vanquished.

Grand Total: 930 creatures vanquished

Notes
Turn   | Place    | Note
-------+----------+-------------------------------------------
     0 | D:1      | ANON1729 the Kobold Brigand began the quest for the Orb.
     0 | D:1      | Reached XP level 1. HP: 12/12 MP: 1/1
   351 | D:1      | Reached XP level 2. HP: 18/18 MP: 2/2
   667 | D:2      | Reached XP level 3. HP: 22/22 MP: 3/3
   884 | D:2      | Found a radiant altar of Vehumet.
  1106 | D:2      | Found a runed translucent door.
  1109 | D:2      | Noticed Crazy Yiuf
  1313 | D:2      | Killed Crazy Yiuf
  1313 | D:2      | Reached skill level 6 in Stealth
  1313 | D:2      | Reached XP level 4. HP: 27/27 MP: 4/4
  1743 | D:3      | Reached XP level 5. HP: 32/32 MP: 5/5
  1916 | D:3      | Found a sparkling altar of Nemelex Xobeh.
  2082 | D:4      | Found a staircase to the Ecumenical Temple.
  2114 | Temple   | Entered the Ecumenical Temple
  2223 | Temple   | Became a worshipper of the Wu Jian Council
  2250 | D:4      | Noticed a phantom
  2255 | D:4      | Killed a phantom
  2255 | D:4      | Reached XP level 6. HP: 37/37 MP: 6/6
  2262 | D:4      | Reached skill level 7 in Stealth
  2355 | D:4      | Reached skill level 5 in Short Blades
  2821 | D:4      | Noticed Eustachio
  2824 | D:4      | Killed Eustachio
  2824 | D:4      | Reached XP level 7. HP: 42/42 MP: 7/7
  3126 | D:5      | Entered Level 5 of the Dungeon
  3189 | D:5      | Got a transparent trident
  3190 | D:5      | Identified the +9 trident "Hujyalagg" {vorpal, +Blink rC-
                  | Dex+4 Stlth+} (You found it on level 5 of the Dungeon)
  3453 | D:5      | Reached skill level 8 in Stealth
  3636 | D:5      | Reached * piety under Wu Jian
  3734 | D:5      | Found a glowing drain.
  3738 | Sewer    | Entered a sewer
  3810 | Sewer    | Reached XP level 8. HP: 37/48 MP: 8/8
  3899 | Sewer    | Found a glowing silver altar of Zin.
  4208 | D:5      | Noticed Grinder
  4226 | D:5      | Killed Grinder
  4638 | D:6      | Reached skill level 9 in Stealth
  4663 | D:6      | Found an iron altar of Okawaru.
  4840 | D:6      | Noticed Prince Ribbit
  4843 | D:6      | Killed Prince Ribbit
  5248 | D:6      | Reached skill level 1 in Evocations
  5248 | D:6      | Reached XP level 9. HP: 53/53 MP: 9/9
  5257 | D:6      | Reached ** piety under Wu Jian
  5286 | D:6      | Reached skill level 5 in Fighting
  5290 | D:6      | Noticed a slime creature
  5295 | D:6      | Reached skill level 5 in Throwing
  5325 | D:6      | HP: 2/54 [slime creature (19)]
  5664 | D:6      | Reached skill level 5 in Dodging
  5664 | D:6      | Reached skill level 10 in Stealth
  6170 | D:6      | Noticed a slime creature
  6172 | D:6      | Noticed a slime creature
  6175 | D:6      | Killed a slime creature
  6314 | D:7      | Found a bloodstained altar of Trog.
  6669 | D:7      | Reached XP level 10. HP: 59/59 MP: 10/10
  6677 | D:7      | Noticed Maggie
  6692 | D:7      | HP: 1/60 [Maggie/+1 scimitar of draining (8)]
  6695 | D:7      | Killed Maggie
  6695 | D:7      | Reached skill level 11 in Stealth
  7021 | D:7      | Reached skill level 5 in Evocations
  7425 | D:7      | Found Suaraholo's Armour Emporium.
  7981 | D:7      | Reached *** piety under Wu Jian
  8675 | D:8      | Reached skill level 10 in Short Blades
  8791 | D:8      | Found a bloodstained altar of Trog.
  9413 | D:8      | Found a stormy altar of Qazlal.
  9416 | D:8      | Found an opulent altar of Gozag.
  9420 | D:8      | Found a burning altar of Makhleb.
  9579 | D:8      | Reached skill level 12 in Stealth
  9661 | D:8      | Reached XP level 11. HP: 42/66 MP: 11/11
 10255 | D:9      | Found Lytsam's Weapon Emporium.
 10260 | D:9      | Bought 6 datura-tipped darts for 31 gold pieces
 10300 | D:9      | Found a hide-covered altar of Uskayaw.
 10334 | D:9      | Reached **** piety under Wu Jian
 10729 | D:9      | Found a blossoming altar of Fedhas.
 11126 | D:9      | Found an ancient bone altar of Kikubaaqudgha.
 11250 | D:9      | Noticed a +0 dagger
 11250 | D:9      | Noticed a +0 hand axe
 11645 | D:9      | Reached skill level 13 in Stealth
 11898 | D:9      | Found a staircase to the Lair.
 12017 | D:9      | Got a bone spear
 12018 | D:9      | Identified the cursed +1 spear "Zuzxik" {vorpal, +Inv rC+
                  | MR+ Str+2} (You found it on level 9 of the Dungeon)
 12036 | D:10     | Entered Level 10 of the Dungeon
 12045 | D:10     | Found a staircase to the Orcish Mines.
 12065 | D:10     | Noticed a two-headed ogre
 12098 | D:10     | Found Kuutusu's Distillery.
 12437 | D:10     | Noticed a two-headed ogre
 12441 | D:10     | Killed a two-headed ogre
 12568 | D:10     | Noticed a green ugly thing
 12591 | D:10     | Noticed an orc knight
 13439 | D:10     | Killed a green ugly thing
 13439 | D:10     | Reached XP level 12. HP: 36/72 MP: 12/12
 13628 | D:10     | Got a bloodstained long sword
 13629 | D:10     | Identified the +7 long sword of Infinite Pain {vorpal,
                  | rElec Dex+3} (You found it on level 10 of the Dungeon)
 13889 | D:10     | Killed a two-headed ogre
 14137 | D:11     | Found a gate leading to a gauntlet.
 14226 | Gauntlet | Entered a Gauntlet
 14226 | Gauntlet | Found a transporter.
 14231 | Gauntlet | Noticed a death yak
 14232 | Gauntlet | Found a transporter.
 14233 | Gauntlet | Noticed a death yak
 14234 | Gauntlet | Noticed a death yak
 14234 | Gauntlet | Noticed a death yak
 14236 | Gauntlet | Identified the ring of Usiocuash {rF- rN++ SInv Stlth+}
 14260 | Gauntlet | Found a transporter.
 14273 | Gauntlet | Noticed a two-headed ogre
 14280 | Gauntlet | Found a transporter.
 14282 | Gauntlet | Noticed a fire crab
 14297 | Gauntlet | Found a transporter.
 14327 | Gauntlet | Noticed a green death
 14333 | Gauntlet | Found a transporter.
 14355 | Gauntlet | Found a transporter.
 14355 | Gauntlet | Found a transporter.
 14380 | Gauntlet | Found a transporter.
 14436 | Gauntlet | Found a transporter.
 14446 | Gauntlet | Noticed a catoblepas
 14509 | Gauntlet | Noticed a swamp dragon
 14509 | Gauntlet | a guardian serpent changed into a swamp dragon
 14655 | Gauntlet | Killed a fire crab
 14657 | Gauntlet | Got a fine emerald amulet
 14847 | Gauntlet | Got a vibrating jade ring
 14856 | Gauntlet | Identified the ring "Qipaus" {rElec rPois rF+ Slay+3} (You
                  | found it in a Gauntlet)
 14862 | Gauntlet | Identified the amulet "Kucuchal" {Spirit rC+ Dex+6} (You
                  | found it in a Gauntlet)
 14874 | Gauntlet | Noticed a minotaur
 14875 | Gauntlet | Killed a minotaur
 14875 | Gauntlet | Reached skill level 14 in Stealth
 14983 | D:11     | Noticed a five-headed hydra
 15018 | D:11     | Killed a five-headed hydra
 16090 | D:11     | Noticed a two-headed ogre
 16093 | D:11     | Killed a two-headed ogre
 16549 | D:12     | Reached skill level 10 in Evocations
 16589 | D:12     | Noticed a death knight
 16591 | D:12     | Killed a death knight
 16591 | D:12     | Reached XP level 13. HP: 78/78 MP: 13/13
 16686 | D:12     | Reached ***** piety under Wu Jian
 17478 | D:13     | Reached skill level 15 in Stealth
 18428 | Lair:1   | Entered Level 1 of the Lair of Beasts
 18592 | Lair:1   | Noticed a seven-headed hydra
 18595 | Lair:1   | Killed a seven-headed hydra
 18983 | Lair:1   | Noticed Fannar
 19009 | Lair:1   | Killed Fannar
 19417 | Lair:2   | Found a staircase to the Shoals.
 20105 | Lair:2   | Reached XP level 14. HP: 26/86 MP: 5/14
 20918 | Lair:3   | Found a runed translucent gate.
 20919 | Lair:3   | Found a runed translucent gate.
 20920 | Lair:3   | Found a runed translucent gate.
 20943 | Lair:3   | Identified 2 scrolls of acquirement
 20975 | Lair:3   | Reached skill level 16 in Stealth
 22026 | Lair:3   | Noticed Utritri's ghost (journeyman HOMo)
 22497 | Lair:3   | Killed Utritri's ghost
 22797 | Lair:3   | Acquired a manual of Fighting
 22801 | Lair:3   | Acquired 620 gold pieces
 22869 | Lair:4   | Found a blossoming altar of Fedhas.
 22873 | Lair:4   | Reached skill level 10 in Dodging
 22916 | Lair:4   | Found a staircase to the Snake Pit.
 24027 | Lair:5   | Reached skill level 15 in Short Blades
 24412 | Lair:5   | Reached skill level 10 in Fighting
 24889 | Lair:6   | Entered Level 6 of the Lair of Beasts
 24980 | Lair:6   | Found a runed translucent door.
 25544 | Lair:6   | Reached XP level 15. HP: 67/93 MP: 10/15
 25575 | Lair:6   | Reached ****** piety under Wu Jian
 25861 | Lair:6   | Reached skill level 17 in Stealth
 26364 | Lair:6   | Found a viscous altar of Jiyva.
 26364 | Lair:6   | Found a staircase to the Slime Pits.
 26991 | Lair:6   | Reached skill level 10 in Throwing
 28178 | Lair:6   | Got a pitted platinum ring
 28179 | Lair:6   | Identified the ring of Wishful Thinking {rElec rPois MR+
                  | Int-5 Dex+2} (You found it on level 6 of the Lair of
                  | Beasts)
 29687 | D:14     | Found Kauklupn's Book Shop.
 29792 | D:14     | Noticed Nessos
 29798 | D:14     | Killed Nessos
 30208 | D:14     | Found a frozen archway.
 30246 | IceCv    | Entered an ice cave
 31370 | IceCv    | Got polished ice dragon scales
 31381 | IceCv    | Identified the cursed +1 ice dragon scales of Awe {Harm
                  | +Inv rF- rC++ rN+ Slay-5} (You found it in an ice cave)
 31465 | D:14     | Found a gate to the Vaults.
 31478 | D:14     | Found Qyidgh's General Store.
 31491 | D:14     | Found Roucs's Book Shop.
 31532 | D:14     | Bought 2 potions of invisibility for 224 gold pieces
 31571 | D:14     | Bought a manual of Dodging for 1766 gold pieces
 31614 | D:14     | Reached XP level 16. HP: 77/103 MP: 12/16
 31956 | D:13     | Reached skill level 18 in Stealth
 33238 | D:14     | Found Sady's General Store.
 33249 | D:14     | Bought a scroll of teleportation for 48 gold pieces
 33249 | D:14     | Bought a potion of haste for 160 gold pieces
 33249 | D:14     | Bought a scroll of teleportation for 48 gold pieces
 33249 | D:14     | Bought a potion of stabbing for 64 gold pieces
 33287 | D:14     | Found Ebuu's Armour Emporium.
 33493 | D:14     | Found a runed translucent gate.
 33494 | D:14     | Found a runed translucent gate.
 33494 | D:14     | Noticed Xonnam's ghost (adept KoGl)
 33495 | D:14     | Found a runed translucent gate.
 33970 | D:14     | Killed Xonnam's ghost
 34011 | D:15     | Entered Level 15 of the Dungeon
 34606 | D:15     | Found a staircase to the Depths.
 36971 | Orc:1    | Entered Level 1 of the Orcish Mines
 37078 | Orc:2    | Entered Level 2 of the Orcish Mines
 37080 | Orc:2    | Found a staircase to the Elven Halls.
 37715 | Orc:1    | Noticed Erolcha
 37734 | Orc:1    | Killed Erolcha
 40386 | Orc:2    | Paralysed by an orc sorcerer for 4 turns
 40389 | Orc:2    | Slain by an orc warlord

Illustrated notes

Levels and vault maps discovered:
D:1:      nicolae_arrival_somewhat_less_tricky_arrival, layout_basic,
          bh_walls_and_bars
D:2:      layout_basic, fiery_altar_vehumet, chequers_ecumenical_altar_grove,
          kennysheep_generic_room_3, uniq_natasha, uniq_crazy_yiuf_cottage
D:3:      layout_rooms, nemelex_diamond_rough_becter
D:4:      layout_loops_cross, minmay_temple_entry_antechambers, uniq_eustachio
D:5:      layout_basic, gup_sewer_entry_bowl, minivault_25, kennysheep_doodads,
          chequers_garden, uniq_grinder
D:6:      cheibrodos_fertilizer, layout_loops_ring, okawaru_ov_weapons_minmay,
          minmay_small_thing, uniq_prince_ribbit1
D:7:      layout_loops_ring, overflow_temple_1_default, serial_shops, shop,
          minmay_misc_feat_rugged, uniq_maggie
D:8:      layout_basic, grunt_temple_overflow_diamond, serial_ice, serial_ice_n,
          serial_ice_d, serial_ice_g, serial_ice_a, roderic_batcave,
          trog_three_pillars_becter
D:9:      layout_basic, dancing_weapons_uskayaw, kiku_gazebo_garden_becter,
          overflow_temple_1_default, erik_lair_dragon, serial_shops,
          nicolae_shop_crystal
D:10:     layout_long_grid, orc_0_dummy, serial_shops, shop, hex_large,
          minmay_diamond_spiral
D:11:     layout_basic, serial_ice, serial_ice_j, serial_ice_f, serial_ice_o,
          serial_ice_m, serial_ice_c, gauntlet_entry_generic,
          roderic_serpentine_path
D:12:     layout_cave_pools
D:13:     layout_long_grid
D:14:     layout_irregular_city, david_vaults_3, portal_ice_cave_demonic_guard,
          small_statue_alley_a, serial_shops, kennysheep_mini_moat,
          nicolae_shop_waterfront, nicolae_shop_statue_plus, nicolae_shop_trees,
          shop, gammafunk_ghost_hydra_chop
D:15:     grunt_enter_depths_hoard, layout_irregular_city
Temple:   nicolae_temple_figure_eight
Lair:1:   layout_chaotic_city, serial_bayou_shore_b, grunt_megastairs_3,
          infiniplex_staircase_pool, uniq_fannar
Lair:2:   layout_chaotic_city, minmay_shoals_entry_lonely_mermaid,
          serial_bayou_pond_e, eino_house_with_fridge, lemuel_fruit_fields
Lair:3:   layout_chaotic_city, gammafunk_ghost_necromancy,
          bobbens_dragon_lair_wall, lemuel_fruit_tree
Lair:4:   layout_gridlike, dummy_snake_entry, chequers_serial_rivers_micro_b,
          lemuel_oklob_altar
Lair:5:   layout_hall_layers
Lair:6:   wormcave, layout_gridlike, hangedman_lair_caniforms_friends,
          slime_altar_1
Orc:1:    layout_diamond_mine, uniq_erolcha
Orc:2:    st_orc_congregation, layout_diamond_mine

Skill      XL: |  1  2  3  4  5  6  7  8  9 10 11 12 13 14 15 16 |
---------------+-------------------------------------------------+-----
Short Blades   | 3 4 5 6 7 9 10 11 12 14 15 16 17 | 17.0
Dodging        | 2 3 4 5 6 7 8 9 10 11 13 | 13.0
Stealth        | 6 7 8 9 10 12 13 14 15 16 17 18 | 18.7
Fighting       | 3 4 5 6 7 8 9 10 12 14 | 14.1
Throwing       | 3 4 5 6 7 8 9 10 | 10.9
Evocations     | 1 4 6 8 10 11 12 13 14 | 14.6

Action                   |  1- 3 |  4- 6 |  7- 9 | 10-12 | 13-15 | 16-18 || total
-------------------------+-------+-------+-------+-------+-------+-------++-------
Melee: Dagger            |    51 |    88 |   111 |   893 |  2155 |  1181 ||  4479
       Trident           |       |       |   167 |   146 |       |       ||   313
Throw: Dart              |     3 |       |       |     8 |       |     1 ||    12
Invok: Lunge             |       |     3 |    13 |    52 |   111 |    66 ||   245
       Whirlwind         |       |       |     2 |    34 |   152 |    73 ||   261
       Serpent's Lash    |       |       |       |     5 |    24 |     9 ||    38
 Abil: Wall Jump         |       |       |       |       |     4 |     4 ||     8
Evoke: Wand              |       |     3 |     1 |    20 |    22 |     3 ||    49
       Phantom mirror    |       |       |       |     1 |       |       ||     1
       Tin of tremorston |       |       |       |     1 |       |     2 ||     3
       Box of beasts     |       |       |       |       |     4 |     4 ||     8
       Condenser vane    |       |       |       |       |     3 |     1 ||     4
  Use: Scroll            |       |     1 |       |    12 |    11 |     2 ||    26
       Potion            |       |       |       |    11 |       |       ||    11
 Stab: Sleeping          |    11 |    14 |    41 |    60 |    98 |    41 ||   265
       Distracted        |       |     2 |     3 |     8 |    28 |    18 ||    59
       Paralysed         |       |     1 |       |     6 |     4 |       ||    11
       Invisible         |       |       |       |     7 |       |     2 ||     9
       Confused          |       |       |       |     1 |       |       ||     1
Armor: Robe              |     6 |     3 |    18 |     1 |       |       ||    28
       Swamp dragon scal |       |       |       |   174 |   225 |    58 ||   457
       Leather armour    |       |       |       |       |       |    24 ||    24
Dodge: Dodged            |    24 |    38 |   122 |   592 |  1136 |   663 ||  2575

Table legend: (Time is in decaauts)
 A = Elapsed time spent in this place.
 B = Non-inter-level travel time spent in this place.
 C = Inter-level travel time spent in this place.
 D = Time resting spent in this place.
 E = Time spent auto-exploring this place.
 F = Levels seen in this place.
 G = Mean time per level.
                   A        B        C        D        E       F      G
               +--------+--------+--------+--------+--------+-----+--------+
         Total |  38910 |  37387 |   1523 |  15399 |  14878 |  27 | 1441.1 |
       Dungeon |  22870 |  21799 |   1071 |   8467 |   9210 |  15 | 1524.7 |
        Temple |    121 |    109 |     12 |      0 |    105 |   1 |  121.0 |
          Lair |  10576 |  10192 |    384 |   4000 |   4526 |   6 | 1762.7 |
  Orcish Mines |   3229 |   3174 |     55 |   1986 |    513 |   2 | 1614.5 |
         Sewer |    376 |    376 |      0 |     58 |    253 |   1 |  376.0 |
      Ice Cave |   1062 |   1062 |      0 |    700 |     41 |   1 | 1062.0 |
      Gauntlet |    673 |    673 |      0 |    187 |    230 |   1 |  673.0 |
               +--------+--------+--------+--------+--------+-----+--------+

Top non-repeatable levels by time:
  Lair:6: 4255 daAuts
    D:14: 2614 daAuts
     D:9: 2288 daAuts
   Orc:1: 2199 daAuts
    D:15: 2178 daAuts
    D:13: 1965 daAuts
     D:7: 1899 daAuts
  Lair:3: 1891 daAuts
    D:10: 1888 daAuts
     D:8: 1802 daAuts
    D:11: 1752 daAuts
  Lair:2: 1472 daAuts
     D:6: 1458 daAuts
     D:5: 1404 daAuts
  Lair:4: 1164 daAuts
